 Dungeon Crawl Stone Soup version 0.27-a0-1590-g15f69828bf (webtiles) character file.

Game seed: 11127945798434772081

256 elagabalus the Chopper (level 5, 0/69 HPs)
             Began as a Minotaur Berserker on July 18, 2021.
             Was a Priest of Trog.
             Slain by an ogre (15 damage)
             ... on level 4 of the Dungeon.
             The game lasted 00:19:21 (2364 turns).

elagabalus the Chopper (Minotaur Berserker)         Turns: 2364, Time: 00:19:23

Health: 0/69       AC:  8    Str: 23    XL:     5   Next: 92%
Magic:  4/4        EV:  8    Int:  4    God:    Trog [***...]
Gold:   112        SH:  0    Dex:  9    Spells: 4/4 levels left

rFire    . . .     SeeInvis .   o - +0 war axe
rCold    . . .     Faith    .   (no shield)
rNeg     . . .     Spirit   .   h - +0 chain mail
rPois    .         Reflect  .   (helmet restricted)
rElec    .         Harm     .   (no cloak)
rCorr    .         Rampage  .   (no gloves)
Will     .....                  (no boots)
Stlth    ..........             (no amulet)
HPRegen  0.21/turn              (no ring)
MPRegen  0.09/turn              (no ring)

@: berserking, very quick
A: horns 2, retaliatory headbutt
a: Renounce Religion, Berserk, Trog's Hand


You were on level 4 of the Dungeon.
You worshipped Trog.
Trog was most pleased with you.
You visited 1 branch of the dungeon, and saw 4 of its levels.

You collected 112 gold pieces.

Inventory:

Hand Weapons
 b - a +0 trident
 o - a +0 war axe (weapon)
Armour
 h - a +0 chain mail (worn)
Magical Staves
 c - a staff of fire
Wands
 j - a wand of iceblast (5)
Scrolls
 e - 2 scrolls of fear
 g - a scroll of torment {unknown}
 m - a scroll of enchant weapon {unknown}
 n - a scroll of noise {unknown}
Potions
 d - 2 potions of ambrosia
 f - a potion of attraction {unknown}
 i - a potion of curing {unknown}
 k - a potion of degeneration {unknown}
 l - a potion of cancellation {unknown}


   Skills:
 - Level 4.0 Fighting
 * Level 7.9 Axes
 - Level 2.4 Armour
 - Level 2.1 Dodging


You had 4 spell levels left.
You didn't know any spells.
Your spell library contained the following spells:

 Spells                   Type           Power      Damage    Failure   Level
 Ensorcelled Hibernation  Hex/Ice        0%         N/A       100%        2
 Gell's Gravitas          Tloc           0%         N/A       100%        3
 Lesser Beckoning         Tloc           0%         N/A       100%        3
 Teleport Other           Tloc           0%         N/A       100%        3
 Dispersal                Tloc           0%         N/A       100%        6
 Disjunction              Tloc           0%         N/A       100%        8
 Shatter                  Erth           0%         3d5*      100%        9


Dungeon Overview and Level Annotations

Branches:
Dungeon (4/15)
 Temple: D:4-7

Altars:
Sif Muna

Shops:
D:3 :


Innate Abilities, Weirdness & Mutations

You have a pair of horns on your head.
You reflexively headbutt those who attack you in melee.


Message History

The ball python bites you but does no damage.
The ball python grabs you. The ball python constricts you.
The ball python barely misses you. You furiously retaliate!
You headbutt the ball python, but do no damage.
The ball python constricts you.
You escape the ball python's grasp.
Found a scroll of identify.
Found a stone staircase leading up.
The hobgoblin enters a dispersal trap!
The ball python blinks!
The orc blinks!
The ogre blinks! x2; You blink.
The hobgoblin blinks!
You recover from your berserk rage.
The ogre hits you with a +0 giant club!!
Ouch! That really hurt!
A red film seems to cover your vision as you go berserk!
You feel yourself moving faster!
You feel mighty!
The hobgoblin hits you but does no damage.
You slash the hobgoblin!
You kill the hobgoblin!
Trog accepts your kill.
You barely miss the ogre. The ogre hits you with a +0 giant club.
You slash the ogre! You headbutt the ogre.
The ogre is moderately wounded.
You slash the ball python!
You kill the ball python!
Trog accepts your kill.
You barely miss the ogre.
The ogre is moderately wounded.
You barely miss the kobold. You closely miss the hobgoblin.
The ogre hits you with a +0 giant club!
* * * LOW HITPOINT WARNING * * *
The hobgoblin hits you.
* * * LOW HITPOINT WARNING * * *
The kobold completely misses you.
You slash the ogre!
The ogre is severely wounded.
You hit the kobold.
You kill the kobold!
Trog accepts your kill.
You closely miss the hobgoblin. The ogre hits you with a +0 giant club!
You die...

######## #......#
#......# #......#
#....g@# #....O)#
#.>....# #....o.#
#......# # #####......#
##### #..........#
....###.<......#########
###...).................


You could see an ogre, an orc and a hobgoblin.

Vanquished Creatures
  Terence (D:2)
  2 orc wizards
  5 gnolls
  3 adders (D:2)
  4 worms
  2 dart slugs
  10 orcs
  7 endoplasms
  A giant cockroach (D:2)
  5 goblins
  8 hobgoblins
  2 jackals (D:2)
  10 kobolds
  6 quokkas
  4 ball pythons
  4 bats
  4 frilled lizards
  7 rats
85 creatures vanquished.

Notes
Turn   | Place    | Note
-------+----------+-------------------------------------------
     0 | D:1      | elagabalus the Minotaur Berserker began the quest for the
                  | Orb.
     0 | D:1      | Reached XP level 1. HP: 19/19 MP: 0/0
    50 | D:1      | Reached skill level 4 in Axes
    50 | D:1      | Reached XP level 2. HP: 23/27 MP: 1/1
   500 | D:1      | Reached XP level 3. HP: 29/33 MP: 2/2
   502 | D:1      | Found a faded altar of an unknown god.
   668 | D:2      | Reached skill level 5 in Axes
   734 | D:2      | You fall into a shaft and drop 1 floor!
   735 | D:3      | Found Lumoekk's Book Boutique.
   904 | D:2      | Reached XP level 4. HP: 33/40 MP: 3/3
   905 | D:2      | Reached skill level 6 in Axes
  1006 | D:2      | Reached ** piety under Trog
  1258 | D:2      | Got the Reference Book on the Earthen Snowflakes
  1358 | D:2      | Reached XP level 5. HP: 38/46 MP: 4/4
  1377 | D:2      | Reached skill level 7 in Axes
  1431 | D:2      | Noticed Terence
  1437 | D:2      | Killed Terence
  1606 | D:3      | Reached *** piety under Trog
  1987 | D:3      | Found a shimmering blue altar of Sif Muna.
  2324 | D:4      | Noticed an ogre
  2364 | D:4      | Slain by an ogre

Illustrated notes

Levels and vault maps discovered:
D:1:      erik_arrival_orb_chamber, layout_loops_ring,
          ebering_ecumenical_altar_hall
D:2:      minmay_chambers_of_twos, layout_loops_ring, uniq_terence
D:3:      layout_basic, overflow_temple_1_default, serial_shops, shop
D:4:      layout_rooms, temple_doors_e, chequers_mini_garden, roderic_batcave,
          amcnicky_mini_rare_corridor_liquid

Skill      XL: |  1  2  3  4  5 |
---------------+----------------+-----
Fighting       | 4 |  4.0
Axes           | 4 5 6 7 |  7.9
Armour         | |  2.4
Dodging        | |  2.1

Action                   |  1- 3 |  4- 6 || total
-------------------------+-------+-------++-------
Melee: Hand axe          |    58 |    94 ||   152
       Headbutt          |     8 |    15 ||    23
       War axe           |       |     4 ||     4
Invok: Berserk           |     4 |     9 ||    13
  Use: Scroll            |       |     4 ||     4
Armor: Animal skin       |     2 |       ||     2
       Scale mail        |     7 |    18 ||    25
       Chain mail        |       |     9 ||     9
Dodge: Dodged            |    30 |    42 ||    72

Table legend: (Time is in decaauts)
 A = Elapsed time spent in this place.
 B = Non-inter-level travel time spent in this place.
 C = Inter-level travel time spent in this place.
 D = Time resting spent in this place.
 E = Time spent auto-exploring this place.
 F = Levels seen in this place.
 G = Mean time per level.
                   A        B        C        D        E       F      G
               +--------+--------+--------+--------+--------+-----+--------+
         Total |   2463 |    636 |   1827 |      0 |     51 |   4 |  615.8 |
       Dungeon |   2463 |    636 |   1827 |      0 |     51 |   4 |  615.8 |
               +--------+--------+--------+--------+--------+-----+--------+

Top non-repeatable levels by time:
     D:3: 861 daAuts
     D:2: 831 daAuts
     D:1: 680 daAuts
     D:4: 91 daAuts
